 Dungeon Crawl Stone Soup version bcrawl-1.37.2 (webtiles) character file.

Game seed: 11500659508402821200

361324 Mehrunes the Basher (level 13, -11/95 HPs)
             Began as a Formicid Fighter on Dec 26, 2022.
             Was an Elder of the Shining One.
             Mangled by a rakshasa
             ... wielding a cursed -2 long sword
              (13 damage)
             ... on level 12 of the Dungeon.
             The game lasted 00:43:22 (16625 turns).

Mehrunes the Basher (Formicid Fighter)             Turns: 16625, Time: 00:43:23

Health: -11/95     AC: 13    Str: 23    XL:     13   Next: 48%
Magic:  6/17       EV: 12    Int: 11    God:    the Shining One [****..]
Gold:   382        SH: 22    Dex: 13    Spells: 10/12 levels left

rFire    . . .     GDR:     28% y - +0 morningstar
rCold    + . .     SeeInvis +   c - +0 medium shield
rNeg     + + +     Gourm    .   l - +4 scale mail
rPois    .         Faith    .   (helmet unavailable)
rElec    .         Spirit   .   o - +0 cloak
rCorr    .         Reflect  .   G - +0 pair of gloves
MR       +....                  (no boots)
Stlth    ..........             N - amulet of Gaoniuju {Inacc rN+ Dex+3 Stlth-}
HPRegen  0.25/turn              u - +4 ring of slaying
MPRegen  0.15/turn              z - +4 ring of evasion

@: divine shield, glowing
A: permanent stasis, dig shafts and tunnels, four strong arms, antennae 3, cold
resistance 1, [frail 1], [low mp 2]
a: Dig, Shaft Self, Divine Shield, Cleansing Flame, Renounce Religion


You were on level 12 of the Dungeon.
You worshipped the Shining One.
The Shining One was greatly pleased with you.
You were very hungry.

You visited 2 branches of the dungeon, and saw 13 of its levels.

You collected 825 gold pieces.
You spent 385 gold pieces at shops.
You donated 58 gold pieces to Zin.

Inventory:

Hand Weapons
 y - a +0 morningstar (weapon)
Armour
 c - a +0 medium shield (worn)
 f - a +0 plate armour
 l - a +4 scale mail (worn)
 o - a +0 cloak (worn)
 G - a +0 pair of gloves (worn)
Jewellery
 u - a +4 ring of slaying (left hand)
 x - an uncursed ring of ice
 z - a +4 ring of evasion (right hand)
 N - the amulet of Gaoniuju (around neck) {Inacc rN+ Dex+3 Stlth-}
   (You found it on level 11 of the Dungeon)

   [amulet of inaccuracy]

   It reduces the accuracy of all your attacks.
   It affects your dexterity (+3).
   It protects you from negative energy.
   It makes you less stealthy.
Wands
 h - a wand of flame (25)
 w - a wand of digging (16)
 A - a wand of charming (12)
 D - a wand of polymorph (8)
 H - a wand of disintegration (11)
 K - a wand of paralysis (11)
Scrolls
 a - a scroll of silence {unknown}
 b - a scroll of fog {unknown}
 g - 3 scrolls of enchant armour
 i - 4 scrolls of identify
 k - a scroll of magic mapping {unknown}
 m - 4 scrolls of immolation {unknown}
 n - 5 scrolls of remove curse
 s - 2 scrolls of noise {unknown}
 t - 5 scrolls of blinking {unknown}
 v - 2 scrolls of amnesia {unknown}
 E - 2 scrolls of enchant weapon {unknown}
 F - a scroll of torment {unknown}
Potions
 d - 2 potions of mutation
 q - a potion of lignification
 B - a potion of might
 C - a potion of agility {unknown}
 I - 2 potions of ambrosia
 J - a potion of flight {unknown}
 L - 2 potions of resistance
 M - a potion of berserk rage {unknown}
Miscellaneous
 j - a lamp of fire
Comestibles
 e - 13 rations {!d}


   Skills:
 + Level 11.5 Fighting
 * Level 14.0 Maces & Flails
 - Level 3.2 Armour
 - Level 8.0 Shields
 + Level 5.3 Transmutations
 + Level 5.8 Earth Magic
 + Level 11.3 Invocations


You had 10 spell levels left.
You knew the following spells:

 Your Spells              Type           Power        Failure   Level  Hunger
a - Passwall              Tmut/Erth      ##......     41%         2    ####...

Your spell library contained the following spells:

 Spells                   Type           Power        Failure   Level  Hunger
 Sandblast                Erth           ##....       26%         1    None
 Stone Arrow              Conj/Erth      #.....       95%         3    #####..
 Petrify                  Tmut/Erth      ##........   96%         4    ######.
 Lee's Rapid Deconstruct  Erth           ##........   100%        5    #######


Dungeon Overview and Level Annotations

Branches:
Dungeon (12/12)            Temple (1/1) D:4            Lair (0/6) D:9
    Orc (0/1) D:9
 Vaults: D:11-12     Depths: D:12

Altars:
Ashenzari
Cheibriados
Dithmenos
Elyvilon
Fedhas
Gozag
Hepliaklqana
Kikubaaqudgha
Lugonu
Makhleb
Nemelex Xobeh
Okawaru
Qazlal
Ru
Sif Muna
Trog
Uskayaw
Vehumet
Wu Jian
Xom
Yredelemnul
Zin
The Shining One

Shops:
D:5 (   D:6 =[   D:7 :   D:10 [

Annotations:
D:3 2 runed translucent doors, foxfromabyss's ghost, amateur MfSk
D:6 1 exclusion
D:9 1 exclusion
D:11 3 runed translucent doors, exe1's ghost, journeyman EnAc


Innate Abilities, Weirdness & Mutations

You cannot be hasted, slowed, berserked, paralysed or teleported.
You can dig through walls and to a lower floor.
Your four strong arms can wield two-handed weapons with a shield.
You have a pair of large antennae on your head. (SInv)
Your flesh is cold resistant. (rC+)
[You are frail. (-10% HP)]
[Your magical capacity is very low. (-20% MP)]


Message History

Okay, then.
Press: ? - help, v - describe, . - travel
Here: a +6 long sword (haloed)
Your shield is strengthened by the Shining One's divine power.
You are feeling very hungry.
You block the +6 long sword's attack. The rakshasa misses you.
You miss the rakshasa.
The rakshasa is almost dead.
You block the +6 long sword's attack.
The centaur warrior unwields a +0 longbow.
You block the centaur warrior's attack.
The rakshasa hits you with a cursed -2 long sword!
* * * LOW HITPOINT WARNING * * *
You closely miss the rakshasa.
The rakshasa is almost dead.
The +6 long sword hits you. The Shining One protects you from harm!
You block the centaur warrior's attack.
The rakshasa hits you with a cursed -2 long sword!
You die...

..................#
#...
#................## ..
#........ ....... .
#%...... ......[
#...... #.[.... #....#
.# .. #...# ###.##W..
###..###.(......
######...)..)@c(.....
#..##....#..).R......
##.......###..........
#.....).#.............
##...).)..............
#..<#....##..........
##..##...##.#........
###...#....#........
##.......##.......


You could see a rakshasa, a centaur warrior, a wraith and 2 dancing weapons.

Vanquished Creatures
  Gastronok (D:8)
  2 two-headed ogres
  A tengu warrior (D:8)
  Nergalle (D:11)
  A centaur warrior (D:11)
  3 wolf spider zombies
  An ugly thing (D:11)
  A deep elf mage (D:11)
  An elephant (D:9)
  Joseph (D:7)
  A gargoyle (D:11)
  3 komodo dragons (D:11)
  A kobold demonologist (D:10)
  An eye of draining (D:11)
  2 yaktaurs (D:11)
  Maurice (D:8)
  3 trolls
  A hornet (D:11)
  3 hippogriffs
  A harpy skeleton (D:9)
  Grinder (D:6)
  2 meliai zombies
  Sigmund (D:3)
  A shadow (D:11)
  A wyvern (D:11)
  A vampire (D:10)
  Grum (D:7)
  A basilisk (D:9)
  14 yaks
  A hog (shapeshifter) (D:11)
  2 hungry ghosts
  A crocodile (D:9)
  2 water moccasins
  5 orc warriors
  5 sky beasts
  A meliai simulacrum (D:12)
  2 ice beasts (D:10)
  A black bear (D:6)
  4 ogres
  A black bear (shapeshifter) (D:12)
  A necrophage (D:11)
  7 phantoms
  8 bullfrogs
  2 kobold brigands
  A gnoll sergeant (D:7)
  3 centaurs
  A water moccasin zombie (D:9)
  3 scorpions
  11 killer bees
  3 orc priests
  2 howler monkeys
  A bullfrog zombie (D:6)
  3 quasits
  3 crimson imps
  6 hounds
  3 jellies (D:9)
  2 bullfrog skeletons
  6 orc wizards
  2 iguanas
  10 worker ants
  8 ogre zombies (D:9)
  A hound skeleton (D:4)
  Robin (D:2)
  A worker ant zombie (D:10)
  7 adders
  4 gnolls
  A shadow imp (D:8)
  5 oozes (D:9)
  An adder skeleton (D:4)
  2 adder zombies
  4 worms
  2 dart slugs
  4 leopard geckos
  32 orcs
  3 giant cockroaches
  7 hobgoblins
  14 jackals
  20 kobolds
  8 quokkas
  A ball python (D:2)
  5 bats
  3 frilled lizards
  9 goblins
  3 goblin skeletons (D:9)
  2 goblin zombies (D:9)
  2 hobgoblin skeletons (D:9)
  3 hobgoblin zombies (D:9)
  2 jackal skeletons
  5 orc skeletons (D:9)
  10 orc zombies (D:9)
  5 rats
331 creatures vanquished.

Vanquished Creatures (collateral kills)
  Agnes (D:12)
  An orc knight (D:12)
  An orc sorcerer (D:12)
  A harpy skeleton (D:12)
  An orc (D:12)
5 creatures vanquished.

Vanquished Creatures (others)
  A manticore (D:7)
  4 withered plants (D:12)
5 creatures vanquished.

Grand Total: 341 creatures vanquished

Notes
Turn   | Place    | Note
-------+----------+-------------------------------------------
     0 | D:1      | Mehrunes the Formicid Fighter began the quest for the Orb.
     0 | D:1      | Reached XP level 1. HP: 18/18 MP: 1/1
   339 | D:1      | Reached XP level 2. HP: 24/24 MP: 2/2
   905 | D:2      | Noticed Robin
  1103 | D:2      | Found an iron altar of Okawaru.
  1128 | D:1      | Reached XP level 3. HP: 23/29 MP: 3/3
  1141 | D:2      | Killed Robin
  1155 | D:1      | Reached skill level 3 in Maces & Flails
  1386 | D:2      | Reached XP level 4. HP: 35/37 MP: 4/4
  1851 | D:2      | Found an opulent altar of Gozag.
  2020 | D:3      | Found a snail-covered altar of Cheibriados.
  2218 | D:3      | Found a runed translucent door.
  2218 | D:3      | Noticed foxfromabyss's ghost (amateur MfSk)
  2219 | D:3      | Found a faded altar of an unknown god.
  2220 | D:3      | Noticed Sigmund
  2483 | D:3      | Killed Sigmund
  2484 | D:3      | Reached skill level 4 in Maces & Flails
  2484 | D:3      | Reached skill level 5 in Shields
  2484 | D:3      | Reached XP level 5. HP: 10/43 MP: 5/5
  2484 | D:3      | Reached XP level 6. HP: 12/49 MP: 6/6
  2733 | D:3      | Found a runed translucent door.
  3009 | D:4      | Noticed an ogre
  3045 | D:4      | Noticed a sky beast
  3318 | D:3      | Reached skill level 5 in Maces & Flails
  3487 | D:4      | Reached XP level 7. HP: 41/55 MP: 7/7
  3599 | D:4      | Reached skill level 5 in Fighting
  3703 | D:4      | Found a staircase to the Ecumenical Temple.
  3739 | Temple   | Entered the Ecumenical Temple
  3979 | Temple   | Became a worshipper of Zin the Law-Giver
  3979 | Temple   | Reached * piety under Zin
  4056 | D:4      | Reached skill level 1 in Invocations
  4377 | D:4      | Reached ** piety under Zin
  4596 | D:5      | Entered Level 5 of the Dungeon
  4609 | D:4      | Reached skill level 6 in Maces & Flails
  4609 | D:4      | Reached XP level 8. HP: 63/63 MP: 9/9
  4735 | D:5      | Found Wigaipp's Antique Weapon Boutique.
  4834 | D:5      | Reached *** piety under Zin
  4864 | D:5      | Found an ornate altar of the Wu Jian Council.
  5089 | D:5      | Reached skill level 7 in Maces & Flails
  5161 | D:5      | Found a bloodstained altar of Trog.
  5245 | D:6      | Found an ornate altar of the Wu Jian Council.
  5246 | D:6      | Found Cesujebo's Antique Armour Emporium.
  5334 | D:6      | Reached XP level 9. HP: 69/69 MP: 11/11
  5787 | D:6      | Noticed Grinder
  5796 | D:6      | Killed Grinder
  5932 | D:6      | Reached **** piety under Zin
  6032 | D:6      | Found a corrupted altar of Lugonu.
  6102 | D:6      | Found Gyut's Jewellery Shop.
  6328 | D:7      | Noticed a manticore
  6349 | D:7      | Gained mutation: Your flesh is cold resistant. (rC+)
                  | [potion of mutation]
  6353 | D:7      | Zin protects you from harm!
  6353 | D:7      | HP: 5/106 [manticore (2)]
  6354 | D:7      | HP: 1/106 [manticore (5)]
  6354 | D:7      | Killed a manticore
  6355 | D:7      | Reached skill level 8 in Maces & Flails
  6355 | D:7      | Reached skill level 5 in Invocations
  6862 | D:7      | Found Ajucaer's Book Shoppe.
  6865 | D:7      | Bought a book of Geomancy for 385 gold pieces
  6868 | D:7      | Learned a level 2 spell: Passwall
  6911 | D:7      | Noticed a troll
  7079 | D:7      | Killed a troll
  7229 | D:7      | Found a radiant altar of Vehumet.
  7297 | D:7      | Found a hazy altar of Hepliaklqana.
  7298 | D:7      | Found a shadowy altar of Dithmenos.
  7380 | D:7      | Found a blossoming altar of Fedhas.
  7851 | D:8      | Noticed a hippogriff
  7856 | D:8      | Noticed Maurice
  7867 | D:8      | Reached XP level 10. HP: 35/79 MP: 12/14
  7878 | D:7      | Reached skill level 9 in Maces & Flails
  8081 | D:8      | Noticed Grum
  8545 | D:6      | Found an ornate altar of the Wu Jian Council.
  8590 | D:6      | Found Cesujebo's Antique Armour Emporium.
  8755 | D:7      | Killed Grum
  9043 | D:8      | Noticed Joseph
  9432 | D:7      | Killed Joseph
  9547 | D:7      | Reached skill level 10 in Maces & Flails
  9664 | D:8      | Killed Maurice
  9973 | D:8      | Noticed a tengu warrior
 10005 | D:8      | Killed a tengu warrior
 10191 | D:8      | Found a glowing golden altar of the Shining One.
 10209 | D:8      | Fell from the grace of Zin
 10209 | D:8      | Became a worshipper of the Shining One
 10209 | D:8      | Reached * piety under the Shining One
 10246 | D:8      | Reached ** piety under the Shining One
 10257 | D:8      | Reached XP level 11. HP: 81/87 MP: 16/16
 10394 | D:8      | Noticed Gastronok
 10567 | D:8      | Found a shimmering altar of Xom.
 10750 | D:9      | Found a staircase to the Lair.
 10750 | D:9      | Noticed an elephant
 10898 | D:9      | Reached skill level 11 in Maces & Flails
 11957 | D:8      | Paralysed by fainting for 9 turns
 11964 | D:8      | The Shining One protects you from harm!
 12545 | D:8      | Killed Gastronok
 12546 | D:8      | Reached skill level 10 in Fighting
 12546 | D:8      | Reached skill level 12 in Maces & Flails
 12785 | D:9      | Killed an elephant
 12874 | D:9      | Reached *** piety under the Shining One
 12875 | D:9      | Found a staircase to the Orcish Mines.
 12951 | D:9      | Reached XP level 12. HP: 93/97 MP: 19/19
 12968 | D:9      | Reached **** piety under the Shining One
 13149 | D:9      | Found a sparkling altar of Nemelex Xobeh.
 13616 | D:10     | Entered Level 10 of the Dungeon
 13754 | D:10     | Reached skill level 1 in Transmutations
 13754 | D:10     | Reached skill level 1 in Earth Magic
 13797 | D:10     | Noticed an eight-headed hydra
 14110 | D:10     | Reached ***** piety under the Shining One
 14116 | D:10     | Noticed a sixfirhy
 14129 | D:10     | Reached skill level 10 in Invocations
 14567 | D:10     | Found Soeg's Armour Shop.
 15047 | D:11     | Reached skill level 13 in Maces & Flails
 15660 | D:11     | Noticed a centaur warrior
 15666 | D:11     | Killed a centaur warrior
 15728 | D:11     | Found a runed translucent gate.
 15728 | D:11     | Found a runed translucent gate.
 15729 | D:11     | Found a runed translucent gate.
 15735 | D:11     | Noticed a two-headed ogre
 15746 | D:11     | Reached XP level 13. HP: 102/106 MP: 21/21
 15759 | D:11     | Found an opulent altar of Gozag.
 15762 | D:11     | Noticed Nergalle
 15772 | D:11     | Killed Nergalle
 15783 | D:11     | Got a warped crystal amulet
 15784 | D:11     | Identified the cursed amulet of Gaoniuju {Inacc rN+ Dex+3
                  | Stlth-} (You found it on level 11 of the Dungeon)
 15829 | D:11     | Noticed exe1's ghost (journeyman EnAc)
 15994 | D:12     | Entered Level 12 of the Dungeon
 15994 | D:12     | Noticed Agnes
 16389 | D:12     | Reached skill level 5 in Earth Magic
 16581 | D:12     | Killed Agnes
 16582 | D:12     | Reached skill level 5 in Transmutations
 16604 | D:12     | Reached skill level 14 in Maces & Flails
 16611 | D:12     | Noticed a rakshasa
 16624 | D:12     | HP: 2/95 [rakshasa/cursed -2 long sword (9)]
 16625 | D:12     | The Shining One protects you from harm!
 16625 | D:12     | Mangled by a rakshasa

Skill      XL: |  1  2  3  4  5  6  7  8  9 10 11 12 13 |
---------------+----------------------------------------+-----
Shields        | 4 5 6 8 |  8.0
Maces & Flails | 3 4 5 6 7 8 10 12 13 14 | 14.0
Fighting       | 4 5 6 7 8 10 11 | 11.5
Invocations    | 2 3 5 7 9 10 11 | 11.3
Transmutations | 4 5 |  5.3
Earth Magic    | 4 5 |  5.8
Armour         | |  3.2

Action                   |  1- 3 |  4- 6 |  7- 9 | 10-12 | 13-15 || total
-------------------------+-------+-------+-------+-------+-------++-------
Melee: Flail             |   113 |   158 |   267 |   119 |       ||   657
       Morningstar       |       |       |       |   523 |    91 ||   614
Invok: Recite            |       |       |    15 |    13 |       ||    28
       Vitalisation      |       |       |     1 |     3 |       ||     4
       Divine Shield     |       |       |       |     5 |     2 ||     7
       Cleansing Flame   |       |       |       |     1 |     1 ||     2
       Summon Divine War |       |       |       |       |     2 ||     2
 Abil: Dig               |       |       |     1 |     5 |       ||     6
  Use: Potion            |       |     1 |    10 |     1 |       ||    12
       Scroll            |       |     2 |       |       |     3 ||     5
 Stab: Invisible         |       |       |     2 |       |       ||     2
       Confused          |       |       |       |     2 |       ||     2
  Eat: Chunk             |     5 |    11 |    19 |    23 |     1 ||    59
       Ration            |       |       |     1 |     5 |     1 ||     7
Armor: Scale mail        |    45 |    68 |    71 |   192 |    28 ||   404
       Plate armour      |       |       |    17 |    63 |       ||    80
       Skin              |       |       |     8 |       |       ||     8
Dodge: Dodged            |    31 |    47 |    65 |   290 |    40 ||   473
Block: Medium shield     |    54 |    75 |   153 |   434 |    64 ||   780
